 Dungeon Crawl Stone Soup version 0.28.0-45-g0d030f2227 (webtiles) character file.

Game seed: 4199567440764154974

32 Descartes the Grasshopper (level 3, -2/27 HPs)
             Began as a Formicid Warper on Apr 9, 2022.
             Splashed by a jelly's acid (8 damage)
             ... on level 2 of the Dungeon.
             The game lasted 00:01:58 (1141 turns).

Descartes the Grasshopper (Formicid Warper)         Turns: 1141, Time: 00:01:59

Health: -2/27      AC: -1    Str: 17    XL:     3   Next: 42%
Magic:  6/6        EV:  9    Int: 12    God:
Gold:   33         SH:  0    Dex: 10    Spells: 6/6 levels left

rFire   . . .      SeeInvis +   a - +0 hand axe
rCold   . . .      Faith    .   (no shield)
rNeg    . . .      Spirit   .   g - +0 scale mail
rPois   .          Reflect  .   (helmet unavailable)
rElec   .          Harm     .   (no cloak)
rCorr   .          Rampage  .   (no gloves)
Will    .....                   (no boots)
Stlth   ..........              (no amulet)
HPRegen 0.09/turn               (no ring)
MPRegen 0.10/turn               (no ring)

@: corroded
A: permanent stasis, dig shafts and tunnels, antennae 3, four strong arms
a: Dig, Shaft Self


You were on level 2 of the Dungeon.
You visited 1 branch of the dungeon, and saw 2 of its levels.

You collected 33 gold pieces.

Inventory:

Hand Weapons
 a - a +0 hand axe (weapon)
Missiles
 c - 5 boomerangs of dispersal (quivered)
 d - 43 stones
Armour
 g - a +0 scale mail (worn)
Jewellery
 e - a ring of willpower
Scrolls
 b - a scroll of blinking {unknown}
 h - a scroll of teleportation {unknown}
Potions
 f - a potion of brilliance {unknown}


   Skills:
 - Level 2.1 Fighting
 + Level 2.6 Axes
 - Level 1.0 Throwing
 + Level 2.1 Armour
 - Level 1.7 Dodging
 - Level 2.1 Spellcasting
 + Level 3.1 Translocations


You had 6 spell levels left.
You didn't know any spells.
Your spell library contained the following spells:

 Spells                   Type           Power      Damage    Failure   Level
 Gell's Gravitas          Tloc           8%         N/A       58%         3
 Lesser Beckoning         Tloc           8%         N/A       58%         3
 Teleport Other           Tloc           8%         N/A       58%         3
 Manifold Assault         Tloc           8%         N/A       100%        5
 Blink                    Tloc           Unusable   N/A       N/A         2

Dungeon Overview and Level Annotations

Branches:
Dungeon (2/15)

Altars:


Innate Abilities, Weirdness & Mutations

You cannot be hasted, slowed, berserked, paralysed or teleported.
You can dig through walls and to a lower floor.
You have a pair of large antennae on your head. (SInv)
Your four strong arms can wield two-handed weapons with a shield.


Message History

No target in view!
No target in view!
You see here a +0 dagger.
You open the door.
A jelly and 2 endoplasms come into view.
The jelly quivers.
The endoplasm quivers. x2
A jelly and 7 endoplasms come into view.
Found four items.
The jelly quivers.
The endoplasm quivers. x6
The endoplasm hits you but does no damage.
The jelly hits the toadstool.
The toadstool is splashed with acid.
The acid corrodes the toadstool!
The toadstool is destroyed!
The jelly hits you but does no damage.
There is an open door here.
Something hits the fungus.
The fungus begins to die.
You completely miss the endoplasm.
The endoplasm hits you but does no damage.
You hit the endoplasm.
The endoplasm is heavily wounded.
The endoplasm freezes you.
You are frozen.
You hit the endoplasm but do no damage.
The endoplasm is heavily wounded.
The endoplasm closely misses you.
You hit the endoplasm.
You kill the endoplasm!
You slash the jelly!
Your hands burn!
The jelly is heavily wounded.
The jelly misses you. The jelly hits you.
You are splashed with acid!
You hit the jelly but do no damage. The acid corrodes you!
Your hands burn!
The jelly is heavily wounded.
The jelly barely misses you.
You hit the jelly.
Your hands burn!
* * * LOW HITPOINT WARNING * * *
The jelly is severely wounded.
The jelly hits you.
* * * LOW HITPOINT WARNING * * *
The acid corrodes you!
You are splashed with acid!
You die...

........#####)))..##
........# #.......#
..........##.......#
.......##.##.......#
.......+ .##.......#
.......# #####....#
.###.### ##..'....#
#.########
##..).@J## #######J#
J..{{{{{J#
.P...P{{.#
.JJ.÷P.PJ#
÷P...÷JP.#
.P.J÷.JP.#
$P.P÷P...#
##########


You could see a jelly and 2 endoplasms.

Vanquished Creatures
  4 endoplasms
  2 hobgoblins (D:1)
  3 jackals (D:1)
  7 kobolds (D:2)
  A quokka (D:1)
  3 ball pythons (D:1)
  5 bats (D:1)
  2 frilled lizards (D:1)
  5 rats (D:1)
32 creatures vanquished.

Vanquished Creatures (others)
  2 fungi (D:2)
  8 toadstools (D:2)
10 creatures vanquished.

Grand Total: 42 creatures vanquished

Notes
Turn   | Place    | Note
-------+----------+-------------------------------------------
     0 | D:1      | Descartes the Formicid Warper began the quest for the Orb.
     0 | D:1      | Reached XP level 1. HP: 16/16 MP: 3/3
   432 | D:1      | Reached XP level 2. HP: 20/22 MP: 5/5
   519 | D:1      | Found a faded altar of an unknown god.
   700 | D:1      | Reached skill level 3 in Translocations
   765 | D:1      | Reached XP level 3. HP: 27/27 MP: 6/6
  1141 | D:2      | Splashed by a jelly's acid

Illustrated notes

Levels and vault maps discovered:
D:1:      amcnicky_arrival_underground_garden, layout_loops_cross,
          dreamdust_ecumenical_altar_angels_and_demons, st_stairs_6
D:2:      cheibrodos_fertilizer, layout_basic, fountainhead, minmay_crystal_room

Skill      XL: |  1  2  3 |
---------------+----------+-----
Translocations | 3 |  3.1
Armour         | 2 |  2.1
Fighting       | |  2.1
Axes           | |  2.6
Throwing       | |  1.0
Dodging        | |  1.7
Spellcasting   | |  2.1

Action                   || total
-------------------------++-------
Melee: Hand axe          ||    81
Armor: Scale mail        ||    28
       Leather armour    ||     1
Dodge: Dodged            ||    55
